 Dungeon Crawl Stone Soup version 0.20-a0-751-g905781e (webtiles) character file.

84 M4edhros the Sneak (level 4, -2/28 HPs)
             Began as an Octopode Artificer on Feb 25, 2017.
             Slain by an ufetubus (4 damage)
             ... summoned by Eustachio
             ... on level 4 of the Dungeon.
             The game lasted 00:01:14 (508 turns).

M4edhros the Sneak (Octopode Artificer)              Turns: 508, Time: 00:01:15

Health: -2/28      AC:  1    Str: 11    XL:     4   Next: 46%
Magic:  6/6        EV: 13    Int: 13    God:
Gold:   74         SH:  0    Dex: 13    Spells: 3/3 levels left

rFire    . . .     SeeInvis .   j - +0 short sword (holy)
rCold    . . .     Gourm    .   (no shield)
rNeg     . . .     Faith    .   (helmet restricted)
rPois    .         Spirit   .   (no amulet)
rElec    .         Reflect  .   (no ring)
rCorr    .         Harm     .   (no ring)
MR       .....                  (no ring)
Stlth    ++++......             (no ring)
Regen    0.1/turn               (no ring)
MPRegen  0.1/turn               (no ring)
                                (no ring)
                                (no ring)

@: no status effects
A: almost no armour, stealthy swim, amphibious, 8 rings, constrict 8, camouflage
1, gelatinous body 1
a: no special abilities


You were on level 4 of the Dungeon.
You were not hungry.

You visited 1 branch of the dungeon, and saw 4 of its levels.

You collected 74 gold pieces.

Inventory:

Hand Weapons
 a - a +0 short sword
 j - a +0 short sword of holy wrath (weapon)
Wands
 b - a wand of flame (12/48)
 c - a wand of enslavement (13/24)
 d - a wand of random effects (13/48)
Scrolls
 e - 2 scrolls of teleportation {unknown}
 h - a scroll of noise {unknown}
 k - 3 scrolls of identify {unknown}
Comestibles
 f - a bread ration
 g - a meat ration
 i - a royal jelly


   Skills:
 - Level 1.0 Fighting
 - Level 1.0 Short Blades
 - Level 2.0 Dodging
 + Level 6.0 Stealth
 - Level 3.2 Evocations


You had 3 spell levels left.
You didn't know any spells.

Dungeon Overview and Level Annotations

Branches:
Dungeon (4/15)
 Temple: D:4-7

Altars:
Ashenzari
Zin

Annotations:
D:4 Eustachio


Innate Abilities, Weirdness & Mutations

You cannot wear most types of armour.
You are very stealthy in the water. (Stealth+)
You are amphibious.
You can wear up to eight rings at the same time.
You can use your tentacles to constrict eight enemies at once.
Your skin changes colour to match your surroundings (Stealth+).
Your rubbery body absorbs attacks. (AC +1, EV +1)


Message History

The magic dart hits you!
* * * LOW HITPOINT WARNING * * *
Your adder bites the rat.
The rat is poisoned.
Your adder poisons the rat!
The rat barely misses you.
An orc priest comes into view. It is wielding a hand axe.
Your adder bites the worker ant but does no damage.
The worker ant barely misses your adder.
Your adder bites the rat.
The rat dies!
The rat's corpse disappears in a puff of smoke!
Your adder bites the worker ant.
Eustachio casts a spell.
The orc wizard points at you and mumbles some strange words.
You resist with some effort.
Your adder bites the worker ant.
The worker ant is poisoned.
Your adder poisons the worker ant!
Your adder bites Eustachio.
Eustachio gestures wildly while chanting.
Eustachio blinks!
Your adder bites the worker ant.
The ufetubus hits you.
You die...

##.#.#..##...# #.#.##
...o...##..## ...#...
#.........###.#....#.
#....S.........####.
##..o....#...## #.
###.###5....S...#.#
..........a.....# ..
##.###5###.#..(.. #
#.@...##..#.% #######
..... ####


You could see an iron imp, an orc and an ufetubus.

Vanquished Creatures
  Jessica (D:2)
  An orc wizard (D:2)
  An ooze (D:4)
  A worm (D:2)
  A dart slug (D:3)
  A leopard gecko (D:4)
  2 orcs
  4 bats
  A giant cockroach (D:1)
  A hobgoblin (D:2)
  3 jackals (D:2)
  A quokka (D:4)
  A frilled lizard (D:2)
  A kobold (D:1)
  3 rats
23 creatures vanquished.

Notes
Turn   | Place    | Note
-------+----------+-------------------------------------------
     0 | D:1      | M4edhros the Octopode Artificer began the quest for the Orb.
     0 | D:1      | Reached XP level 1. HP: 13/13 MP: 3/3
    60 | D:1      | Reached skill level 2 in Stealth
   201 | D:2      | Noticed Jessica
   204 | D:2      | Killed Jessica
   204 | D:2      | Reached skill level 4 in Stealth
   204 | D:2      | Reached XP level 2. HP: 18/18 MP: 4/4
   204 | D:2      | Reached XP level 3. HP: 23/23 MP: 5/5
   244 | D:2      | Found a glowing silver altar of Zin.
   294 | D:2      | Reached skill level 5 in Stealth
   294 | D:2      | Reached XP level 4. HP: 16/28 MP: 6/6
   314 | D:2      | Found a shattered altar of Ashenzari.
   413 | D:4      | Reached skill level 6 in Stealth
   488 | D:4      | Noticed Eustachio
   504 | D:4      | HP: 1/28 [orc wizard/magic dart (7)]
   508 | D:4      | Slain by an ufetubus

Vault maps used:
D:1:      lightli_arrival_chessboard, minmay_misc_feat_room, st_stairs_12,
          minmay_cut_off
D:2:      nicolae_ashenzari_panopticon, nicolae_overflow_hidden_temple,
          grunt_ministairs_3, minmay_joined_circles, uniq_jessica
D:3:      overflow_temple_1_default, overflow_temple_1_default,
          kennysheep_generic_room_12
D:4:      grunt_qazlal_clouds, lemuel_doored_altar, uniq_eustachio

Skill      XL: |  1  2  3  4 |
---------------+-------------+-----
Stealth        | 4 5 6 |  6.0
Fighting       | |  1.0
Short Blades   | |  1.0
Dodging        | |  2.0
Evocations     | |  3.2

Action                   |  1- 3 |  4- 6 || total
-------------------------+-------+-------++-------
Melee: Short sword       |    32 |    27 ||    59
       Constrict         |     8 |     6 ||    14
       Tentacles         |     4 |     5 ||     9
Evoke: Wand              |       |     7 ||     7
  Use: Potion            |       |     1 ||     1
 Stab: Sleeping          |     8 |     1 ||     9
Armor: Skin              |     5 |       ||     5
Dodge: Dodged            |    23 |    30 ||    53
